AoeStats
← 寂寞帅哥等爱

African Clearing

506328892Analyzed
4v4 RM · 20d ago on Sep 13, 2026· 51m 8s· 8 players
Game mode
Random Map
Map size
Large (8 player)
Population
200
Speed
Normal
Resources
Standard
Victory
Conquest
Starting age
Dark Age
Ending age
Imperial Age
RankedLock teamsTeams togetherTeam positionsShared explorationLock speedFull tech treeHidden civsTurbo modeCheats
Victory
Defeat
🇨🇳 Chinese · China
1291
+16
🇯🇵 Japanese · Japan
1262
+17
🇦🇺 Vietnamese · Australia
1260
+17
🇲🇽 Malians · Mexico
1234
+18
🇨🇭 Mongols · Switzerland
1317
-19
🇹🇼 Georgians · Taiwan
1309
-18
🇨🇦 Huns · Canada
1264
-16
🇨🇳 Lithuanians · China
1242
-15
makeinu
10:29 Loom
12:52 Feudal Age
15:01 Stone Mining
14:59 Double-Bit Axe
15:32 Fletching
25:41 Gold Mining
34:56 Castle Age
36:22 Bow Saw
40:19 Gold Shaft Mining
40:49 Wheelbarrow
40:00 Town Watch
41:34 Horse Collar
43:53 Hand Cart
44:34 Heavy Plow
44:50 Crossbowman
45:41 Bodkin Arrow
45:53 Padded Archer Armor
46:52 Ballistics
47:48 Leather Archer Armor
53:21 Imperial Age
Railbuilder
5:55 Loom
14:35 Feudal Age
19:22 Castle Age
19:52 Double-Bit Axe
22:54 Fletching
29:21 Horse Collar
31:06 Bodkin Arrow
32:23 Bow Saw
32:23 Heavy Plow
34:04 Ballistics
33:28 Treadmill Crane
34:26 Town Watch
37:19 Wheelbarrow
37:03 Padded Archer Armor
40:56 Imperial Age
39:47 Leather Archer Armor
42:09 Crop Rotation
42:57 Two-Man Saw
41:52 Gold Mining
41:52 Stone Mining
43:08 Chemistry
41:48 Treadmill Crane
42:14 Siege Engineers
42:48 Bracer
43:30 Ring Archer Armor
44:02 Paper Money
44:57 Chatras
45:30 Thumb Ring
45:29 Elite Rattan Archer
47:31 Bloodlines
47:21 Husbandry
48:13 Scale Barding Armor
48:18 Forging
48:52 Stone Shaft Mining
50:51 Coinage
50:29 Scale Mail Armor
51:12 Iron Casting
寂寞帅哥等爱
3:28 Loom
14:43 Feudal Age
15:20 Double-Bit Axe
19:42 Castle Age
18:02 Fletching
18:13 Padded Archer Armor
19:55 Crossbowman
22:43 Gold Mining
24:02 Thumb Ring
28:28 Bow Saw
28:26 Horse Collar
31:55 Wheelbarrow
32:28 Heavy Plow
36:06 Imperial Age
34:09 Ballistics
33:52 Squires
33:39 Arson
35:15 Hand Cart
35:16 Hand Cart
35:16 Forging
35:06 Scale Mail Armor
35:16 Forging
35:07 Scale Mail Armor
37:10 Iron Casting
36:16 Elite Fire Lancer
38:52 Two-Man Saw
38:32 Conscription
40:01 Blast Furnace
39:16 Chain Mail Armor
40:02 Blast Furnace
39:13 Elite Chu Ko Nu
41:03 Bodkin Arrow
41:23 Leather Archer Armor
41:03 Bodkin Arrow
41:23 Leather Archer Armor
41:12 Stone Mining
41:58 Gold Shaft Mining
42:39 Stone Shaft Mining
46:22 Rocketry
46:02 Great Wall
47:22 Chemistry
46:34 Fortified Wall
BlankZombie18
13:29 Feudal Age
17:17 Castle Age
18:09 Loom
18:59 Husbandry
28:35 Wheelbarrow
27:45 Town Watch
29:33 Tigui
31:43 Scale Mail Armor
31:53 Forging
32:43 Hand Cart
32:13 Town Watch
36:49 Iron Casting
36:30 Chain Mail Armor
39:23 Town Watch
40:14 Double-Bit Axe
40:10 Horse Collar
40:21 Gold Mining
40:21 Stone Mining
41:39 Bow Saw
42:00 Heavy Plow
42:58 Chain Mail Armor
42:52 Squires
45:08 Town Patrol
47:02 Bloodlines
53:21 Imperial Age
choebusmi
5:59 Loom
6:03 Loom
6:23 Loom
12:10 Feudal Age
13:06 Double-Bit Axe
18:58 Wheelbarrow
22:04 Castle Age
20:53 Scale Barding Armor
20:56 Gold Mining
28:46 Horse Collar
29:53 Heavy Plow
30:10 Bow Saw
36:38 Hand Cart
39:04 Fletching
39:17 Padded Archer Armor
39:29 Bloodlines
39:20 Husbandry
40:25 Bodkin Arrow
43:06 Ballistics
42:45 Bodkin Arrow
43:05 Leather Archer Armor
46:11 Imperial Age
46:35 Gold Shaft Mining
45:53 Stone Mining
46:52 Bracer
48:17 Conscription
OUJ
5:14 Loom
14:03 Feudal Age
15:02 Town Watch
15:35 Fletching
21:49 Gold Mining
21:54 Double-Bit Axe
23:54 Wheelbarrow
26:24 Castle Age
25:37 Forging
26:54 Horse Collar
31:23 Bloodlines
32:04 Pikeman
34:27 Bow Saw
34:24 Heavy Plow
34:48 Svan Towers
35:53 Husbandry
36:25 Scale Barding Armor
36:55 Iron Casting
36:42 Bodkin Arrow
37:50 Guard Tower
42:58 Imperial Age
41:25 Masonry
40:56 Treadmill Crane
41:13 Murder Holes
41:21 Town Patrol
42:16 Stone Mining
44:04 Chain Barding Armor
44:36 Hand Cart
45:30 Stone Shaft Mining
45:43 Crop Rotation
46:30 Elite Monaspa
47:33 Conscription
48:49 Blast Furnace
48:29 Plate Barding Armor
12014665
6:05 Loom
13:24 Feudal Age
20:01 Castle Age
18:52 Horse Collar
19:25 Double-Bit Axe
24:19 Wheelbarrow
25:09 Scale Barding Armor
26:56 Bloodlines
27:36 Bow Saw
35:00 Imperial Age
33:30 Gold Mining
34:44 Hand Cart
34:52 Stone Mining
35:24 Heavy Plow
37:01 Chemistry
37:50 Cavalier
38:30 Husbandry
39:08 Chain Barding Armor
38:59 Forging
40:14 Two-Man Saw
40:39 Plate Barding Armor
42:22 Iron Casting
43:31 Padded Archer Armor
43:22 Fletching
44:03 Elite Skirmisher
47:23 Leather Archer Armor
will_evans
4:41 Loom
15:11 Feudal Age
16:37 Wheelbarrow
15:48 Town Watch
18:34 Horse Collar
25:16 Castle Age
27:02 Hand Cart
28:01 Fletching
31:30 Double-Bit Axe
35:15 Town Patrol
37:55 Ballistics
37:32 Bodkin Arrow
37:38 Padded Archer Armor
38:31 Thumb Ring
38:40 Forging
38:36 Scale Barding Armor
42:42 Imperial Age
40:46 Husbandry
41:29 Bloodlines
41:36 Leather Archer Armor
42:53 Elite Tarkan
43:55 Conscription
43:37 Bracer
44:14 Iron Casting
44:19 Elite Skirmisher
44:48 Capped Ram
46:46 Chemistry
47:38 Blast Furnace
46:59 Chain Barding Armor
48:12 Bow Saw
Connection lost

Rejoining the realm…

Still unreachable

The connection could not be restored.

Session expired

The server has moved on; the page needs a fresh start.